 Dungeon Crawl Stone Soup version 0.22.1-1-ga44c0e56f4 (webtiles) character file.

98067 Mjsee792 the Hoplite (level 15, -4/144 HPs)
             Began as a Minotaur Fighter on Oct 14, 2018.
             Was the Champion of Okawaru.
             Slain by a fire dragon (11 damage)
             ... on level 13 of the Dungeon.
             The game lasted 01:50:56 (28971 turns).

Mjsee792 the Hoplite (Minotaur Fighter)            Turns: 28971, Time: 01:50:58

Health: -4/144     AC:  0    Str: 22    XL:     15   Next: 73%
Magic:  13/13      EV: 15    Int:  6    God:    Okawaru [******]
Gold:   794        SH:  0    Dex: 16    Spells: 14/14 levels left

rFire    + . .     SeeInvis .   (weapon currently unavailable)
rCold    . . .     Gourm    .   (shield currently unavailable)
rNeg     + . .     Faith    .   (armour currently unavailable)
rPois    .         Spirit   .   (helmet currently unavailable)
rElec    .         Reflect  .   (cloak currently unavailable)
rCorr    .         Harm     .   (gloves currently unavailable)
MR       +....                  (boots currently unavailable)
Stlth    +.........             Z - amulet "Tijag" {Acrobat rF+ rN+}
HPRegen  0.34/turn              (ring currently unavailable)
MPRegen  0.13/turn              (ring currently unavailable)

@: about to teleport, pig-form, very quick
A: small, (retaliatory headbutt), agile 1, low mp 1, sense surroundings 1
a: Heroism, Finesse, Renounce Religion


You were on level 13 of the Dungeon.
You worshipped Okawaru.
Okawaru was exalted by your worship.
You were not hungry.
You were a filthy swine.
You visited 5 branches of the dungeon, and saw 24 of its levels.
You also visited: Ossuary, Ice Cave and Volcano.

You collected 2788 gold pieces.
You spent 1994 gold pieces at shops.

Inventory:

Hand Weapons
 r - a +1 long sword of holy wrath
 I - the +2 mace "Zewkieny" {venom, Dex+6}
   (You found it on level 6 of the Lair of Beasts)

   It poisons the flesh of those it strikes.
   It affects your dexterity (+6).
 Y - the +3 demon trident of the Inferno (melded) {flame, +Inv rElec rF+}
   (Okawaru gifted it to you in an ice cave)

   It has been specially enchanted to burn those struck by it, causing extra
   injury to most foes and up to half again as much damage against particularly
   susceptible opponents.
   It protects you from fire.
   It insulates you from electricity.
   It lets you turn invisible.
Armour
 b - a +2 pair of gloves of dexterity (melded)
 c - a +0 shield (melded)
 s - the +0 pair of gloves of Happy Babbling {Regen+ rCorr Int-3 SInv}
   (You found it on level 8 of the Dungeon)

   It affects your intelligence (-3).
   It lets you see invisible.
   It increases your rate of regeneration.
   It provides partial protection from all sources of acid and corrosion.
 t - the +0 pair of boots of the Valley (melded) {rPois Str+4 Dex+3}
   (Okawaru gifted it to you on level 1 of the Orcish Mines)

   It affects your strength (+4).
   It affects your dexterity (+3).
   It protects you from poison.
 x - a +2 hat (melded)
 R - a +1 cloak of invisibility (melded)
 T - the +5 plate armour of Existentialism (melded) {rPois Int+6}
   (Okawaru gifted it to you on level 2 of the Orcish Mines)

   It affects your intelligence (+6).
   It protects you from poison.
Jewellery
 g - the ring "Yzaeseamoa" (melded) {Fire rElec Dex+5}
   (You bought it in a shop on level 2 of the Orcish Mines)

   [ring of fire]

   It enhances your fire magic.
   It affects your dexterity (+5).
   It protects you from fire.
   It makes you vulnerable to cold.
   It insulates you from electricity.
 m - the amulet "Luhecaco" {Inacc rPois rF+ Int+4 Dex-2, unknown}
   (You found it on level 13 of the Dungeon)

   [amulet of inaccuracy]

   It reduces the accuracy of all your attacks.
   It affects your intelligence (+4).
   It affects your dexterity (-2).
   It protects you from fire.
   It protects you from poison.
 v - an uncursed ring of positive energy
 y - the ring "Meufefi" (melded) {rF+ rC+ Int-5 SInv}
   (You found it on level 8 of the Dungeon)

   [ring of protection from cold]

   It affects your intelligence (-5).
   It protects you from fire.
   It protects you from cold.
   It lets you see invisible.
 F - the ring "Vukoddeo" {Dex+3 Stlth+}
   (You took it off an orc on level 8 of the Dungeon)

   [ring of stealth]

   It affects your dexterity (+3).
   It makes you more stealthy.
 U - an uncursed ring of protection from magic
 W - an uncursed ring of protection from magic
 Z - the amulet "Tijag" (around neck) {Acrobat rF+ rN+}
   (You found it in an ice cave)

   [amulet of the acrobat]

   It helps you evade while moving and waiting.
   It protects you from fire.
   It protects you from negative energy.
Wands
 h - a wand of polymorph (12)
 z - a wand of acid (13)
 B - a wand of disintegration (15)
 K - a wand of clouds (4)
 N - a wand of digging (16)
 Q - a wand of enslavement (15)
Scrolls
 e - 6 scrolls of teleportation
 i - 12 scrolls of identify
 j - 6 scrolls of enchant armour
 D - 10 scrolls of remove curse
 E - a scroll of summoning
 H - 2 scrolls of acquirement
 J - 2 scrolls of immolation
 M - a scroll of fear
 O - a scroll of torment
 S - a scroll of silence
 V - 2 scrolls of magic mapping
 X - 3 scrolls of blinking
Potions
 a - a potion of berserk rage
 d - 9 potions of might
 k - 9 potions of haste
 l - 7 potions of brilliance
 n - 2 potions of lignification
 o - 3 potions of invisibility
 q - 9 potions of curing
 u - 2 potions of agility
 w - 2 potions of magic
 A - 7 potions of ambrosia
 C - a potion of resistance
 G - 2 potions of flight
 P - a potion of heal wounds
Miscellaneous
 L - a box of beasts
Comestibles
 f - 30 rations
 p - a chunk of flesh


   Skills:
 + Level 16.0 Fighting
 - Level 2.4 Long Blades
 + Level 16.5 Armour
 + Level 2.3 Dodging
 + Level 22.0 Shields
 + Level 2.1 Evocations


You had 14 spell levels left.
You didn't know any spells.
Your spell library contained the following spells:

 Spells                   Type           Power        Failure   Level  Hunger
 Corona                   Hex            #......      45%         1    ##.....
 Magic Dart               Conj           #...         45%         1    ##.....
 Summon Small Mammal      Summ           #...         45%         1    ##.....
 Blink                    Tloc           N/A          58%         2    ###....
 Call Imp                 Summ           #.......     58%         2    ###....
 Ensorcelled Hibernation  Hex/Ice        #.....       58%         2    ###....
 Searing Ray              Conj           #.....       58%         2    ###....
 Slow                     Hex            #.......     58%         2    ###....
 Sublimation of Blood     Necr           #.........   58%         2    ###....
 Call Canine Familiar     Summ           #.......     83%         3    ####...
 Confuse                  Hex            #.......     83%         3    ####...
 Conjure Flame            Conj/Fire      #.......     83%         3    ####...
 Dazzling Spray           Conj/Hex       #.....       83%         3    ####...
 Ignite Poison            Fire/Tmut/Pois #.......     83%         3    ####...
 Mephitic Cloud           Conj/Pois/Air  #.......     83%         3    ####...
 Recall                   Summ/Tloc      N/A          83%         3    ####...
 Summon Guardian Golem    Hex/Summ       #.......     83%         3    ####...
 Tukima's Dance           Hex            #.......     83%         3    ####...
 Force Lance              Conj/Tloc      #.......     99%         4    #####..
 Fulminant Prism          Conj/Hex       #.........   99%         4    #####..
 Iskenderun's Mystic Bla  Conj           #.......     99%         4    #####..
 Petrify                  Tmut/Erth      #.......     99%         4    #####..
 Summon Ice Beast         Ice/Summ       #.......     99%         4    #####..
 Summon Lightning Spire   Summ/Air       #.......     99%         4    #####..
 Alistair's Intoxication  Tmut/Pois      #.......     100%        5    ######.
 Aura of Abjuration       Summ           #.........   100%        5    ######.
 Irradiate                Conj/Tmut      #.........   100%        5    ######.
 Summon Demon             Summ           #.........   100%        5    ######.
 Summon Forest            Summ/Tloc      #.........   100%        5    ######.
 Summon Mana Viper        Hex/Summ       #.......     100%        5    ######.
 Poison Arrow             Conj/Pois      #.........   100%        6    #######
 Shadow Creatures         Summ           N/A          100%        6    #######
 Chain Lightning          Conj/Air       #.........   100%        8    #######
 Lehudib's Crystal Spear  Conj/Erth      #.........   100%        8    #######
 Fire Storm               Conj/Fire      #.........   100%        9    #######
 Glaciate                 Conj/Ice       #.........   100%        9    #######


Dungeon Overview and Level Annotations

Branches:
Dungeon (14/15) Temple (1/1) D:7 Lair (6/6) D:9 Swamp (1/4) Lair:3 Spider (0/4) Lair:3 Slime (0/5) Lair:5 Orc (2/2) D:12 Elf (0/3) Orc:2 Vaults (0/5) D:13 D:14

Altars:
Ashenzari
Cheibriados
Dithmenos
Elyvilon
Fedhas
Gozag
Hepliaklqana
Kikubaaqudgha
Makhleb
Nemelex Xobeh
Okawaru
Qazlal
Ru
Sif Muna
Trog
Uskayaw
Vehumet
Wu Jian
Xom
Yredelemnul
Zin
The Shining One
Jiyva

Shops:
D:4 *   D:10 *   D:11 :([((   Orc:1 ?   Orc:2 ??**%

Annotations:
D:12 3 runed doors, izoki's ghost, journeyman GnAr
D:13 Kirke
D:14 Nessos
Lair:5 1 runed door, yann's ghost, journeyman TrCj


Innate Abilities, Weirdness & Mutations

((You reflexively headbutt those who attack you in melee.))
((You have a pair of horns on your head.))
((You are partially covered in thin metallic scales. (AC +2)))
You are agile. (Dex +2)
((Your flesh is cold resistant. (rC+)))
Your magical capacity is low. (-10% MP)
You passively map a small area around you.


Message History

You feel much better. Kirke hits you. The fire dragon bites you.
The fire dragon claws you!
* * * LOW HITPOINT WARNING * * *
The fire dragon tramples you!
* * * LOW HITPOINT WARNING * * *
You hold your ground!
Unknown command.
Unknown command.
Evoke which item? (* to show all) (? for menu, Esc to quit)
Aiming: Cloud Cone
Press: ? - help, Dir - move target cursor, f - fire dragon
Aim: a fire dragon You create a blast of poison gas!
The hog is engulfed in poison gas.
The hog is poisoned.
Kirke hits you.
* * * LOW HITPOINT WARNING * * *
The human is engulfed in poison gas.
The human is poisoned.
The fire dragon bites you!
* * * LOW HITPOINT WARNING * * *
The fire dragon claws you!
You die...

##.......##........####.........#
#......###.......## ##.......##
#.#...## #.......# ##.....##
#.##.## ####.#### ####...##
#.#### #.# #...)..# #[# #.#
#.###..# #.# #.# #.# #..# #.#
#p########.###..# #.#
#hDh@pp.........## ##.#
##########.#.....### ...#
#.#........ #### #......####
########


You could see Kirke, a fire dragon, a hog and 3 humans.

Vanquished Creatures
  Donald (Orc:2)
  A frost giant (IceCv)
  A dire elephant (Lair:6)
  The ghost of Heimad the Severer, a journeyman HOFi of Nemelex Xobeh (D:13)
  The ghost of Lavvayk the Grappler, a journeyman TrMo of Okawaru (Lair:3)
  Josephine (Orc:2)
  The ghost of Hiroxt the Tainter, a journeyman FoVM of Vehumet (Lair:3)
  Harold (Orc:1)
  5 hydras
  A rakshasa (D:13)
  A catoblepas (D:8)
  14 two-headed ogres
  A merfolk avatar (Lair:6)
  A dancing weapon (D:12)
  An alligator (Swamp:1)
  3 centaur warriors
  A tengu warrior (D:13)
  2 ogre magi
  17 death yaks
  Urug (D:13)
  A sun demon (Volcano)
  A hell knight (Volcano)
  Nergalle (Lair:3)
  2 deep trolls (Orc:2)
  2 unseen horrors
  2 orc knights (Orc:1)
  An obsidian statue (Volcano)
  A phantasmal warrior (D:14)
  A lindwurm (Lair:3)
  3 deep elf magi
  2 oklob plants (Lair:1)
  3 cyclopes
  2 manticores
  An ice statue (IceCv)
  5 black mambas
  2 ugly things (Volcano)
  A torpor snail (Lair:5)
  An elephant (Lair:6)
  2 gargoyles (D:8)
  10 spiny frogs
  9 komodo dragons
  9 rime drakes
  A tengu conjurer (D:13)
  3 meliai
  11 trolls
  A wind drake (Lair:6)
  13 polar bears
  10 slime creatures
  2 hornets (Lair:6)
  5 hippogriffs
  3 bog bodies
  Sigmund (D:3)
  A redback (Lair:3)
  2 shadows
  5 wraiths
  42 yaks
  4 wyverns
  5 basilisks
  Eustachio (D:6)
  6 fire bats (Volcano)
  4 humans (D:13)
  A hungry ghost (D:13)
  6 vampire mosquitoes
  Menkaure (Ossuary)
  A hog (D:13)
  A steam dragon (D:9)
  2 swamp worms
  2 wargs (Orc:1)
  12 water moccasins
  12 porcupines
  A hell hound (Volcano)
  4 sky beasts
  A swamp drake (Orc:2)
  An ice beast (D:9)
  16 orc warriors
  2 black bears
  3 phantoms
  A necrophage (D:6)
  2 eyes of draining
  35 ogres
  20 wolves (IceCv)
  9 centaurs
  15 crocodiles
  15 bullfrogs
  2 wyvern skeletons
  5 killer bees (D:10)
  12 wights
  2 howler monkeys
  2 electric eels (Lair:3)
  4 crimson imps
  7 lava snakes (Volcano)
  2 jellies
  4 quasits
  2 bullfrog skeletons
  14 orc priests
  3 centaur skeletons
  4 hounds
  An iron imp (Orc:2)
  Jessica (D:3)
  10 worker ants
  29 orc wizards
  A killer bee zombie (D:6)
  A hound zombie (D:11)
  4 mummies
  2 hound skeletons (D:5)
  A worker ant zombie (D:8)
  13 gnolls
  2 howler monkey skeletons (D:6)
  13 adders
  3 shadow imps
  13 white imps
  An adder zombie (D:8)
  2 worms
  3 dart slugs
  3 leopard geckos
  73 orcs
  7 giant cockroaches
  3 gnoll zombies (Ossuary)
  9 goblins
  5 hobgoblins
  5 jackals
  7 quokkas
  A ball python (D:1)
  8 bats
  A frilled lizard (D:2)
  2 gnoll skeletons (Ossuary)
  A goblin skeleton (Ossuary)
  4 goblin zombies (Ossuary)
  3 hobgoblin skeletons (Ossuary)
  3 hobgoblin zombies (Ossuary)
  6 kobolds
  A kobold zombie (Ossuary)
  A leopard gecko skeleton (D:5)
  An orc skeleton (Ossuary)
  2 orc zombies (Ossuary)
  A quokka skeleton (D:8)
  7 rats
  4 rat skeletons (Ossuary)
  2 rat zombies (Ossuary)
  A fungus (Lair:6)
  2 plants
727 creatures vanquished.

Vanquished Creatures (others)
  Fannar (Orc:1)
  A two-headed ogre (D:13)
  A wyvern (D:9)
  A centaur (D:9)
  A howler monkey (D:9)
  A gnoll shaman (Orc:2)
  A hound (D:9)
  An orc wizard (D:6)
  A shadow imp (Orc:2)
  An orc (Orc:1)
  5 goblin skeletons (Ossuary)
  5 goblin zombies (Ossuary)
  2 hobgoblin skeletons (Ossuary)
  3 kobold skeletons (Ossuary)
  A kobold zombie (Ossuary)
  2 orc skeletons (Ossuary)
  2 orc zombies (Ossuary)
  2 rat skeletons (Ossuary)
  2 rat zombies (Ossuary)
  9 fungi (Lair:6)
  14 plants
  7 withered plants
64 creatures vanquished.

Grand Total: 791 creatures vanquished

Notes
Turn   | Place    | Note
-------+----------+-------------------------------------------
     0 | D:1      | Mjsee792 the Minotaur Fighter began the quest for the Orb.
     0 | D:1      | Reached XP level 1. HP: 19/19 MP: 0/0
   246 | D:1      | Reached XP level 2. HP: 27/27 MP: 1/1
   357 | D:1      | Reached skill level 4 in Shields
   770 | D:2      | Found a white marble altar of Elyvilon.
  1113 | D:3      | Reached XP level 3. HP: 33/33 MP: 2/2
  1154 | D:3      | Reached XP level 4. HP: 32/41 MP: 3/3
  1220 | D:3      | Noticed Sigmund
  1552 | D:3      | Killed Sigmund
  1552 | D:3      | Reached skill level 5 in Fighting
  1552 | D:3      | Reached skill level 5 in Armour
  1552 | D:3      | Reached skill level 5 in Shields
  1552 | D:3      | Reached XP level 5. HP: 48/48 MP: 4/4
  1624 | D:3      | Noticed Jessica
  1627 | D:3      | Killed Jessica
  1627 | D:3      | Reached XP level 6. HP: 56/56 MP: 5/5
  1875 | D:3      | Reached skill level 6 in Shields
  2406 | D:4      | Found Leugg's General Store.
  2411 | D:4      | Bought a potion of heal wounds for 70 gold pieces
  2865 | D:5      | Entered Level 5 of the Dungeon
  2926 | D:5      | Noticed a hippogriff
  2934 | D:5      | Killed a hippogriff
  2934 | D:5      | Reached skill level 7 in Shields
  2934 | D:5      | Reached XP level 7. HP: 43/61 MP: 6/6
  3222 | D:5      | Reached skill level 8 in Shields
  3222 | D:5      | Reached XP level 8. HP: 9/71 MP: 7/7
  3829 | D:5      | Found the +3 Elemental Staff {rElec rF++ rC++ MR++ AC+5}
  4165 | D:6      | Noticed Eustachio
  4173 | D:6      | Killed Eustachio
  4306 | D:6      | Reached skill level 9 in Shields
  4437 | D:6      | Found a sand-covered staircase.
  4451 | Ossuary  | Entered an ossuary
  4795 | Ossuary  | Noticed Menkaure
  4802 | Ossuary  | Killed Menkaure
  5166 | D:6      | Found a snail-covered altar of Cheibriados.
  5405 | D:6      | Reached XP level 9. HP: 81/81 MP: 8/8
  5539 | D:6      | Reached skill level 10 in Shields
  5853 | D:6      | Identified a scroll of acquirement
  6234 | D:7      | Found a sacrificial altar of Ru.
  6324 | D:7      | Reached skill level 11 in Shields
  6361 | D:7      | Found a staircase to the Ecumenical Temple.
  6414 | Temple   | Entered the Ecumenical Temple
  6564 | Temple   | Became a worshipper of Warmaster Okawaru
  6975 | D:8      | Noticed a two-headed ogre
  6993 | D:8      | Killed a two-headed ogre
  6993 | D:8      | Reached * piety under Okawaru
  6993 | D:8      | Reached skill level 10 in Armour
  7104 | D:8      | Got a scorched glass ring
  7247 | D:8      | Reached XP level 10. HP: 66/91 MP: 6/9
  7382 | D:8      | Noticed a centaur warrior
  7403 | D:8      | Killed a centaur warrior
  7403 | D:8      | Reached skill level 12 in Shields
  7425 | D:8      | Noticed a gargoyle
  7425 | D:8      | Noticed a two-headed ogre
  7458 | D:8      | Killed a gargoyle
  7458 | D:8      | Reached ** piety under Okawaru
  7471 | D:8      | Killed a two-headed ogre
  7471 | D:8      | Reached skill level 10 in Fighting
  7483 | D:8      | Got a bound golden ring
  7627 | D:8      | Noticed a catoblepas
  7682 | D:8      | Killed a catoblepas
  7682 | D:8      | Reached *** piety under Okawaru
  7682 | D:8      | Reached skill level 13 in Shields
  7751 | D:8      | Noticed a two-headed ogre
  7762 | D:8      | Killed a two-headed ogre
  8104 | D:8      | Noticed a cyclops
  8105 | D:8      | Noticed a gargoyle
  8125 | D:8      | Killed a gargoyle
  8125 | D:8      | Received a gift from Okawaru
  8415 | D:8      | Killed a cyclops
  8415 | D:8      | Reached XP level 11. HP: 101/101 MP: 10/10
  8891 | D:8      | Got a pair of bloodstained gloves
  8902 | D:8      | Identified the +0 pair of gloves of Happy Babbling {Regen+
                  | rCorr Int-3 SInv} (You found it on level 8 of the Dungeon)
  8979 | D:8      | Reached **** piety under Okawaru
  9667 | D:9      | Found a staircase to the Lair.
  9674 | D:9      | Reached skill level 14 in Shields
  9931 | D:9      | Lost intelligence.
  9931 | D:9      | Identified the ring "Meufefi" {rF+ rC+ Int-5 SInv} (You
                  | found it on level 8 of the Dungeon)
  9936 | D:9      | Identified the ring "Vukoddeo" {Dex+3 Stlth+} (You took it
                  | off an orc on level 8 of the Dungeon)
 10084 | D:9      | Found a shimmering altar of Xom.
 10183 | D:9      | Noticed a two-headed ogre
 10200 | D:9      | Killed a two-headed ogre
 10261 | D:9      | Found a deep blue altar of Sif Muna.
 10261 | D:9      | Found a blossoming altar of Fedhas.
 10266 | D:9      | Found a radiant altar of Vehumet.
 10290 | D:9      | Found a shattered altar of Ashenzari.
 10293 | D:9      | Found a hide-covered altar of Uskayaw.
 10303 | D:9      | Found a burning altar of Makhleb.
 10305 | D:9      | Found a sacrificial altar of Ru.
 10305 | D:9      | Found a glowing silver altar of Zin.
 10305 | D:9      | Found a bloodstained altar of Trog.
 10306 | D:9      | Found a shadowy altar of Dithmenos.
 10306 | D:9      | Found a stormy altar of Qazlal.
 10310 | D:9      | Found a sparkling altar of Nemelex Xobeh.
 10604 | D:10     | Entered Level 10 of the Dungeon
 10677 | D:10     | Reached ***** piety under Okawaru
 11100 | D:10     | Noticed an unseen horror
 11117 | D:10     | Killed an unseen horror
 11133 | D:10     | Found Ezeil's Assorted Antiques.
 11254 | D:10     | Bought a yellow potion for 25 gold pieces
 11254 | D:10     | Bought a potion of heal wounds for 140 gold pieces
 11254 | D:10     | Bought 3 scrolls labeled KAM UNORUI for 84 gold pieces
 11338 | D:10     | Reached skill level 15 in Shields
 11463 | D:11     | Found Xudeowis's Antique Weapon Shoppe.
 11483 | D:11     | Noticed an unseen horror
 11545 | D:11     | Killed an unseen horror
 11742 | D:11     | Found Gebes's Weapon Boutique.
 11759 | D:11     | Found Sikun's Weapon Emporium.
 11883 | D:11     | Found Veatum's Book Shoppe.
 12153 | D:11     | Found Guwk's Antique Armour Shoppe.
 12484 | D:12     | Reached XP level 12. HP: 108/112 MP: 9/11
 12540 | D:12     | Received a gift from Okawaru
 12993 | D:12     | Reached skill level 16 in Shields
 13095 | D:12     | Noticed a centaur warrior
 13096 | D:12     | Found a runed gate.
 13097 | D:12     | Found a runed gate.
 13097 | D:12     | Noticed izoki's ghost (journeyman GnAr)
 13098 | D:12     | Found a runed gate.
 13098 | D:12     | Noticed a merfolk impaler
 13100 | D:12     | Found an iron altar of Okawaru.
 13100 | D:12     | Noticed a tengu warrior
 13148 | D:12     | Found a staircase to the Orcish Mines.
 13226 | D:11     | Bought a glowing cloak for 232 gold pieces
 13715 | D:13     | Noticed a centaur warrior
 13732 | D:13     | Killed a centaur warrior
 13794 | D:13     | Noticed a seven-headed hydra
 13877 | Orc:1    | Entered Level 1 of the Orcish Mines
 13877 | Orc:1    | Noticed Harold
 13928 | Orc:1    | Noticed a two-headed ogre
 13939 | Orc:1    | Killed Harold
 13958 | Orc:1    | Killed a two-headed ogre
 14045 | Orc:1    | Reached ****** piety under Okawaru
 14071 | Orc:1    | Received a gift from Okawaru
 14362 | Orc:2    | Entered Level 2 of the Orcish Mines
 14413 | Orc:2    | Noticed a two-headed ogre
 14430 | Orc:2    | Killed a two-headed ogre
 14441 | Orc:2    | Noticed an ogre mage
 14461 | Orc:2    | Noticed a two-headed ogre
 14591 | Orc:1    | Killed an ogre mage
 14591 | Orc:1    | Reached skill level 17 in Shields
 14618 | Orc:1    | Killed a two-headed ogre
 14748 | Orc:2    | Noticed a two-headed ogre
 14768 | Orc:2    | Killed a two-headed ogre
 14834 | Orc:2    | Noticed Donald
 14835 | Orc:2    | Noticed a two-headed ogre
 14836 | Orc:2    | Noticed a two-headed ogre
 14918 | Orc:1    | Received a gift from Okawaru
 14918 | Orc:1    | Reached XP level 13. HP: 21/122 MP: 4/12
 14920 | Orc:1    | Reached skill level 1 in Evocations
 14952 | Orc:1    | Got a pair of polished boots {god gift}
 14958 | Orc:1    | Identified the +0 pair of boots of the Valley {rPois Str+4
                  | Dex+3} (Okawaru gifted it to you on level 1 of the Orcish
                  | Mines)
 15351 | Orc:1    | Noticed Fannar
 15384 | Orc:1    | Killed Fannar
 15591 | Orc:1    | Found Iliruhun's Magic Scroll Shoppe.
 15791 | Orc:2    | Reached skill level 18 in Shields
 15847 | Orc:2    | Noticed Josephine
 16008 | Orc:2    | Killed Josephine
 16051 | Orc:2    | Found Memeux's Food Boutique.
 16071 | Orc:2    | Found Ehastora's General Store.
 16076 | Orc:2    | Found Kyolegug's General Store.
 16077 | Orc:2    | Found Jiakhlaa's Magic Scroll Shop.
 16341 | Orc:2    | Found a staircase to the Elven Halls.
 16392 | Orc:2    | Received a gift from Okawaru
 16515 | Orc:2    | Got a crude plate armour {god gift}
 16526 | Orc:2    | Identified the +5 plate armour of Existentialism {rPois
                  | Int+6} (Okawaru gifted it to you on level 2 of the Orcish
                  | Mines)
 16744 | Orc:2    | Found Siuqaaw's Magic Scroll Boutique.
 16759 | Orc:2    | Bought a scroll of magic mapping for 63 gold pieces
 17225 | D:13     | Found a runed door.
 17225 | D:13     | Found a shimmering altar of Xom.
 17225 | D:13     | Noticed Heimad's ghost (journeyman HOFi)
 17243 | D:13     | Paralysed by a demon whip of chaos for 6 turns
 17315 | D:12     | Reached skill level 19 in Shields
 17645 | Lair:1   | Entered Level 1 of the Lair of Beasts
 17662 | Lair:1   | Found a frozen archway.
 17678 | IceCv    | Entered an ice cave
 17974 | IceCv    | Reached skill level 15 in Armour
 18042 | IceCv    | Reached XP level 14. HP: 126/132 MP: 11/13
 18470 | IceCv    | Noticed a frost giant
 18575 | IceCv    | Killed a frost giant
 18858 | IceCv    | Received a gift from Okawaru
 18863 | IceCv    | Got a fine demon trident {god gift}
 18864 | IceCv    | Identified the +3 demon trident of the Inferno {flame, +Inv
                  | rElec rF+} (Okawaru gifted it to you in an ice cave)
 18897 | IceCv    | Got a vibrating bone amulet
 18901 | IceCv    | Identified the amulet "Tijag" {Acrobat rF+ rN+} (You found
                  | it in an ice cave)
 18926 | Lair:1   | Gained mutation: Your flesh is cold resistant. (rC+)
                  | [potion of mutation]
 18926 | Lair:1   | Gained mutation: Your spells are a little easier to cast,
                  | but a little less powerful. [potion of mutation]
 18926 | Lair:1   | Gained mutation: Your body sometimes deteriorates upon
                  | taking damage. [potion of mutation]
 18926 | Lair:1   | Gained mutation: You have a pair of large horns on your
                  | head. [potion of mutation]
 18927 | Lair:1   | Lost mutation: Your body sometimes deteriorates upon taking
                  | damage. [potion of mutation]
 18927 | Lair:1   | Lost mutation: Your spells are a little easier to cast, but
                  | a little less powerful. [potion of mutation]
 18927 | Lair:1   | Lost mutation: You have a pair of large horns on your head.
                  | [potion of mutation]
 18927 | Lair:1   | Gained mutation: You are partially covered in thin metallic
                  | scales. (AC +2) [potion of mutation]
 18927 | Lair:1   | Gained mutation: Your magical capacity is low. (-10% MP)
                  | [potion of mutation]
 18927 | Lair:1   | Gained mutation: You passively map a small area around you.
                  | [potion of mutation]
 18927 | Lair:1   | Gained mutation: You are agile. (Dex +2) [potion of
                  | mutation]
 19429 | Lair:1   | Got a twitching lead ring
 19431 | Lair:1   | Lost intelligence.
 19431 | Lair:1   | Identified the cursed ring "Moqi" {rPois Int-4} (You found
                  | it on level 1 of the Lair of Beasts)
 19816 | Lair:2   | Reached skill level 1 in Dodging
 19849 | Lair:2   | Reached skill level 20 in Shields
 20065 | Lair:2   | Found the ring of Shadows {Umbra +Inv Stlth+}
 20665 | Lair:3   | Found a hole to the Spider Nest.
 20736 | Lair:3   | Found a runed gate.
 20737 | Lair:3   | Found a runed gate.
 20737 | Lair:3   | Found a runed gate.
 20740 | Lair:3   | Noticed Lavvayk's ghost (journeyman TrMo)
 20740 | Lair:3   | Noticed Hiroxt's ghost (journeyman FoVM)
 21033 | Lair:3   | Noticed Nergalle
 21048 | Lair:3   | Killed Nergalle
 21383 | Lair:3   | Found a staircase to the Swamp.
 21591 | Lair:3   | Killed Hiroxt's ghost
 21604 | Lair:3   | Killed Lavvayk's ghost
 21918 | Lair:4   | Found a dark tunnel.
 21923 | Volcano  | Entered a volcano
 22138 | Volcano  | Found a bloodstained altar of Trog.
 22450 | Lair:4   | Received a gift from Okawaru
 22689 | Lair:4   | Reached skill level 15 in Fighting
 22736 | Lair:4   | Received a gift from Okawaru
 22740 | Lair:4   | Got a transparent quarterstaff {god gift}
 23215 | Lair:5   | Found a viscous altar of Jiyva.
 23215 | Lair:5   | Found a staircase to the Slime Pits.
 23494 | Lair:5   | Reached skill level 21 in Shields
 23494 | Lair:5   | Reached XP level 15. HP: 121/141 MP: 13/13
 23529 | Lair:5   | Found a runed door.
 23529 | Lair:5   | Noticed yann's ghost (journeyman TrCj)
 24509 | Lair:6   | Entered Level 6 of the Lair of Beasts
 24663 | Lair:6   | Received a gift from Okawaru
 24799 | Lair:6   | Paralysed by a hornet for 3 turns
 25538 | Lair:6   | HP: 7/141 [spiny frog (9)]
 25931 | Lair:6   | Got a polished mace
 25936 | Lair:6   | Identified the +2 mace "Zewkieny" {venom, Dex+6} (You found
                  | it on level 6 of the Lair of Beasts)
 26753 | Swamp:1  | Entered Level 1 of the Swamp
 26776 | Lair:3   | Received a gift from Okawaru
 27740 | Orc:2    | Killed Donald
 27799 | Orc:2    | Bought a potion of curing for 48 gold pieces
 27799 | Orc:2    | Bought the ring "Yzaeseamoa" {Fire rElec Dex+5} for 792
                  | gold pieces
 27799 | Orc:2    | Bought a scroll of blinking for 120 gold pieces
 27812 | Orc:2    | Bought a scroll of blinking for 105 gold pieces
 27812 | Orc:2    | Bought a scroll of summoning for 133 gold pieces
 27992 | D:4      | Bought a potion of heal wounds for 70 gold pieces
 27992 | D:4      | Bought a potion of heal wounds for 70 gold pieces
 27992 | D:4      | Bought a potion of curing for 42 gold pieces
 28268 | D:13     | Got an ancient silver amulet
 28380 | D:13     | Killed Heimad's ghost
 28380 | D:13     | Reached skill level 22 in Shields
 28394 | D:14     | Found a gate to the Vaults.
 28394 | D:14     | Noticed Nessos
 28394 | D:14     | Noticed Urug
 28880 | D:14     | Noticed Kirke
 28890 | D:13     | Killed Urug
 28971 | D:13     | HP: 7/144 [fire dragon (15)]
 28971 | D:13     | Slain by a fire dragon

Skill      XL: |  1  2  3  4  5  6  7  8  9 10 11 12 13 14 15 |
---------------+----------------------------------------------+-----
Shields        | 4 5 7 8 9 11 13 15 17 19 21 22 | 22.0
Armour         | 4 5 6 7 8 10 11 12 13 15 16 | 16.5
Fighting       | 4 5 6 7 9 10 11 13 14 15 16 | 16.0
Evocations     | 1 2 |  2.1
Dodging        | 1 2 |  2.3
Long Blades    | |  2.4

Action                   |  1- 3 |  4- 6 |  7- 9 | 10-12 | 13-15 || total
-------------------------+-------+-------+-------+-------+-------++-------
Melee: Long sword        |    83 |   117 |   410 |  1157 |   834 ||  2601
       Headbutt          |    12 |    32 |   106 |   337 |   691 ||  1178
       Demon trident     |       |       |       |       |   882 ||   882
       Mace              |       |       |       |       |    51 ||    51
       Unarmed           |       |       |       |       |     9 ||     9
Evoke: Wand              |       |       |       |     7 |    13 ||    20
  Use: Scroll            |       |       |    15 |    10 |    11 ||    36
       Potion            |       |       |       |     6 |    10 ||    16
 Stab: Invisible         |       |       |     1 |       |       ||     1
       Paralysed         |       |       |     1 |       |       ||     1
       Confused          |       |       |       |     1 |       ||     1
       Distracted        |       |       |       |       |     1 ||     1
  Eat: Chunk             |     1 |     5 |    12 |    27 |    30 ||    75
       Ration            |       |       |     1 |       |     6 ||     7
Armor: Scale mail        |    47 |    67 |    20 |       |       ||   134
       Crystal plate arm |       |       |   261 |   973 |   350 ||  1584
       Chain mail        |       |       |    21 |       |       ||    21
       Plate armour      |       |       |       |       |   863 ||   863
Dodge: Dodged            |    25 |    40 |    54 |   236 |   597 ||   952
Block: Shield            |    54 |    77 |   281 |  1065 |  1903 ||  3380
       Rpst.: Long sword |     5 |    10 |    15 |    57 |    66 ||   153
